 Dungeon Crawl Stone Soup version 0.27.0-1-g7a089689b8 (webtiles) character file.

Game seed: 841371535837289357

67 Spectrina the Magician (level 4, 0/31 HPs)
             Began as a Djinni Necromancer on Aug 16, 2021.
             Slain by an orc (9 damage)
             ... on level 3 of the Dungeon.
             The game lasted 00:09:13 (1002 turns).

Spectrina the Magician (Djinni Necromancer)         Turns: 1002, Time: 00:09:14

Health: 0/31       AC:  2    Str:  7    XL:     4   Next: 38%
Gold:   96         EV: 12    Int: 18    God:
                   SH:  0    Dex: 13

rFire    + + .     SeeInvis .   k - staff of air
rCold    x . .     Faith    .   (no shield)
rNeg     . . .     Spirit   .   a - +0 robe
rPois    ∞         Reflect  .   (no helmet)
rElec    +         Harm     .   (no cloak)
rCorr    .         Rampage  .   (no gloves)
Will     .....                  (boots unavailable)
Stlth    ++........             (no amulet)
HPRegen  0.10/turn              (no ring)
MPRegen  0.00/turn              (no ring)

@: flying
A: sickness immunity, fire resistance 2, cold vulnerability 1, float, innate
caster, hp casting, extra vitality 1
a: no special abilities


You were on level 3 of the Dungeon.
You visited 1 branch of the dungeon, and saw 3 of its levels.

You collected 122 gold pieces.
You spent 26 gold pieces at shops.

Inventory:

Hand Weapons
 h - a +0 short sword
 i - a +0 dagger
Missiles
 d - 52 stones (quivered)
 e - 14 arrows
Armour
 a - a +0 robe (worn)
Magical Staves
 k - a staff of air (weapon)
Scrolls
 c - a scroll of teleportation {unknown}
 f - 4 scrolls of identify {unknown}
 j - a scroll of fog
Potions
 b - 3 potions of mutation {unknown}
 g - a potion of resistance {unknown}


   Skills:
 - Level 2.1 Dodging
 - Level 1.5 Stealth
 + Level 4.4 Spellcasting


You couldn't memorise any spells.
You knew the following spells:

 Your Spells              Type           Power      Damage    Failure   Level
a - Pain                  Necr           80%        1d8       2%          1
k - Agony                 Necr           20%        N/A       54%         5
l - Vampiric Draining     Necr           10%        2d7       7%          3
m - Animate Skeleton      Necr           40%        N/A       2%          1
n - Animate Dead          Necr           10%        N/A       22%         4
x - Apportation           Tloc           40%        N/A       2%          1
Your spell library was empty.

Dungeon Overview and Level Annotations

Branches:
Dungeon (3/15)

Altars:

Shops:
D:3 *


Innate Abilities, Weirdness & Mutations

You are immune to sickness and miasma.
You are immune to poison.
Your flesh is very heat resistant. (rF++)
You are vulnerable to cold. (rC-)
You float through the air rather than walking.
You learn spells naturally, not from books.
Your magical power is your life essence.
You have superior vitality. (+4 HP)


Message History

Confirm with . or Enter, or press ? or * to list all spells.
The spell is quite dangerous to cast (7% risk of failure)!
Continue anyway?
Okay, then.
Casting: Vampiric Draining (quite dangerous; 7% risk of failure)
Confirm with . or Enter, or press ? or * to list all spells.
The spell is quite dangerous to cast (7% risk of failure)!
Continue anyway?
Aiming: Vampiric Draining (quite dangerous; 7% risk of failure)
Press: ? - help, Shift-Dir - straight line, f - giant cockroach
Aim: a giant cockroach You draw life force from the giant cockroach.
You kill the giant cockroach!
You feel life coursing into your body.
You see here a giant cockroach corpse.
You need no library to learn spells.
An orc comes into view. It is wielding a +0 hand axe.
The orc shouts!
You hear a shout! x2
You hear a shout! x2
Casting: Vampiric Draining (quite dangerous; 7% risk of failure)
Confirm with . or Enter, or press ? or * to list all spells.
The spell is quite dangerous to cast (7% risk of failure)!
Continue anyway?
Aiming: Vampiric Draining (quite dangerous; 7% risk of failure)
Press: ? - help, Shift-Dir - straight line, f - orc
Aim: an orc, wielding a +0 hand axe and wearing a +0 leather armour You draw life force from the orc.
You feel life coursing into your body.
An orc comes into view. It is wielding a +0 trident.
The orc completely misses you.
Casting: Vampiric Draining (quite dangerous; 7% risk of failure)
Confirm with . or Enter, or press ? or * to list all spells.
The spell is quite dangerous to cast (7% risk of failure)!
Continue anyway?
Aiming: Vampiric Draining (quite dangerous; 7% risk of failure)
Press: ? - help, Shift-Dir - straight line, f/p - orc
Aim: an orc, wielding a +0 hand axe and wearing a +0 leather armour (heavily wounded)
You draw life force from the orc!
You kill the orc!
You feel life coursing into your body.
* * * LOW HITPOINT WARNING * * *
Unknown command.
Unknown command.
The orc hits you with a +0 trident!
You die...

#!# #.##.#...##
#)# # #.#..... #.#
#.##.#..### #.#
#.##.>..# #.#
#.####..## #o#####
#.# #...# ..# #.#
#...# #o# #.#
#...## #@# #.#
#..†..
#.######.####.....
#....†........#.##
########..........
########... ####


You could see an orc.

Vanquished Creatures
  5 adders
  2 orcs (D:3)
  2 ball pythons
  A bat (D:2)
  An endoplasm (D:2)
  2 giant cockroaches
  2 hobgoblins
  A goblin (D:2)
  A kobold (D:2)
  3 rats (D:2)
20 creatures vanquished.

Vanquished Creatures (collateral kills)
  2 giant cockroaches (D:1)
  A quokka (D:1)
  A ball python (D:1)
  A rat (D:1)
5 creatures vanquished.

Vanquished Creatures (others)
  8 plants (D:1)
8 creatures vanquished.

Grand Total: 33 creatures vanquished

Notes
Turn   | Place    | Note
-------+----------+-------------------------------------------
     0 | D:1      | Spectrina the Djinni Necromancer began the quest for the
                  | Orb.
     0 | D:1      | Reached XP level 1. HP: 15/15 MP: 0/0
   261 | D:3      | Found Umeahuny's General Store.
   295 | D:3      | Bought a scroll of fog for 26 gold pieces
   398 | D:2      | Reached XP level 2. HP: 4/21 MP: 0/0
   625 | D:2      | Reached XP level 3. HP: 4/25 MP: 0/0
   625 | D:2      | Learned a level 1 spell: Apportation
   718 | D:2      | Reached skill level 4 in Spellcasting
   964 | D:2      | Reached XP level 4. HP: 12/31 MP: 0/0
  1002 | D:3      | Slain by an orc

Illustrated notes

Levels and vault maps discovered:
D:1:      heliophobic_arrival_battle_scene, layout_rooms, minivault_27,
          hangedman_decor_growths, serial_bayou_lake_a
D:2:      layout_loops_ring, st_stairs_1
D:3:      layout_loops_ring, ebering_ghost_rock_garden, serial_shops,
          nicolae_shop_stone, uniq_sigmund, uniq_natasha

Skill      XL: |  1  2  3 |
---------------+----------+-----
Spellcasting   | 4 |  4.4
Dodging        | |  2.1
Stealth        | |  1.5

Action                   |  1- 3 |  4- 6 || total
-------------------------+-------+-------++-------
Melee: Unarmed           |    13 |       ||    13
       Staff             |     1 |       ||     1
Throw: Stone             |    10 |       ||    10
 Cast: Animate Skeleton  |    16 |       ||    16
       Pain              |    21 |     1 ||    22
       Vampiric Draining |    10 |     5 ||    15
  Use: Scroll            |     1 |       ||     1
       Potion            |     1 |       ||     1
Armor: Robe              |     4 |       ||     4
Dodge: Dodged            |    15 |     1 ||    16
